 Dungeon Crawl Stone Soup version 0.22-a0-292-g0df9d5f (webtiles) character file.

79 FrankyJ the Firebug (level 3, -3/26 HPs)
             Began as a Demigod Fire Elementalist on Mar 22, 2018.
             Slain by a gnoll (7 damage)
             ... on level 2 of the Dungeon on Mar 23, 2018.
             The game lasted 00:06:28 (1519 turns).

FrankyJ the Firebug (Demigod Fire Elementalist)     Turns: 1519, Time: 00:06:29

Health: -3/26      AC:  3    Str: 11    XL:     3   Next: 95%
Magic:  0/8        EV: 13    Int: 21    God:
Gold:   69         SH:  0    Dex: 16    Spells: 5/6 levels left

rFire    . . .     SeeInvis .   d - +0 dagger
rCold    . . .     Gourm    .   (no shield)
rNeg     . . .     Faith    .   a - +0 robe
rPois    .         Spirit   .   (no helmet)
rElec    .         Reflect  .   (no cloak)
rCorr    .         Harm     .   k - +0 pair of gloves
MR       .....                  (no boots)
Stlth    ++........             (no amulet)
HPRegen  0.08/turn              (no ring)
MPRegen  0.11/turn              (no ring)

@: no status effects
A: high mp 1
a: no special abilities


You were on level 2 of the Dungeon.
You were not hungry.

You visited 1 branch of the dungeon, and saw 2 of its levels.

You collected 69 gold pieces.

Inventory:

Hand Weapons
 d - a +0 dagger (weapon)
 m - a +1 mace of protection
Armour
 a - a +0 robe (worn)
 k - a +0 pair of gloves (worn)
Wands
 j - a wand of iceblast (6)
 o - a wand of paralysis (17)
 q - a wand of digging (14)
Scrolls
 e - 2 scrolls of identify {unknown}
 g - a scroll of random uselessness {unknown}
 l - 3 scrolls of remove curse {unknown}
Potions
 f - 2 potions of magic {unknown}
 h - a potion of haste {unknown}
 i - a potion of curing {unknown}
 n - a potion of brilliance {unknown}
 p - a potion of flight {unknown}
Comestibles
 c - 5 rations


   Skills:
 - Level 2.0 Dodging
 - Level 2.0 Stealth
 + Level 2.2 Spellcasting
 - Level 1.0 Conjurations
 - Level 4.1 Fire Magic


You had 5 spell levels left.
You knew the following spells:

 Your Spells              Type           Power        Failure   Level  Hunger
a - Flame Tongue          Conj/Fire      ##...        4%          1    #......


Dungeon Overview and Level Annotations

Branches:
Dungeon (2/15)


Innate Abilities, Weirdness & Mutations

You have an increased reservoir of magic. (+10% MP)


Message History

The gnoll is lightly wounded.
The gnoll hits you!
Casting: Flame Tongue (safe; 4% risk of failure)
Confirm with . or Enter, or press ? or * to list all spells.
Aiming: Flame Tongue (safe; 4% risk of failure)
Press: ? - help, Shift-Dir - straight line, f/p - gnoll
Aim: a gnoll (lightly wounded)
The flame tongue hits the gnoll.
The gnoll is moderately wounded.
The gnoll hits you!
* * * LOW HITPOINT WARNING * * *
Casting: Flame Tongue (safe; 4% risk of failure)
Confirm with . or Enter, or press ? or * to list all spells.
Aiming: Flame Tongue (safe; 4% risk of failure)
Press: ? - help, Shift-Dir - straight line, f/p - gnoll
Aim: a gnoll (moderately wounded)
The flame tongue hits the gnoll.
The gnoll is heavily wounded.
The gnoll hits you!
You die...

#### ###..# # #....# #
#...P#+#+# #############
#...g'...#
............##########.#.P#.g.#
#####...........@g.....#h.# ..#
# #.#####.#########..#..# ## #
#.# ..............### #.#
########.......... #.#
#.....##..# #.# #...#.##..# #.#
#.........# #.# #.....##.# #.#
#........#


You could see a gnoll.

Vanquished Creatures
  3 adders
  A worm (D:2)
  2 leopard geckos
  2 giant cockroaches (D:1)
  7 goblins
  4 hobgoblins
  6 jackals
  2 quokkas (D:2)
  11 bats
  3 frilled lizards
  3 kobolds
  2 rats (D:1)
46 creatures vanquished.

Notes
Turn   | Place    | Note
-------+----------+-------------------------------------------
     0 | D:1      | FrankyJ the Demigod Fire Elementalist began the quest for the Orb.
     0 | D:1      | Reached XP level 1. HP: 14/14 MP: 5/5
    89 | D:1      | Reached skill level 1 in Conjurations
   554 | D:1      | Reached XP level 2. HP: 20/20 MP: 5/7
   613 | D:1      | Reached skill level 3 in Fire Magic
  1024 | D:2      | Found a bloodstained altar of Trog.
  1034 | D:1      | Reached XP level 3. HP: 26/26 MP: 6/8
  1185 | D:2      | Reached skill level 4 in Fire Magic
  1280 | D:2      | Upgraded the game from 0.22-a0-284-g99d1f74 to 0.22-a0-292-g0df9d5f
  1519 | D:2      | Slain by a gnoll

Vault maps used:
D:1:      eino_arrival_druids_welcome, corexii_leaking_fountain
D:2:      nicolae_overflow_crystal_walls, first_ration, corexii_corridor_pit,
          cheibrodos_gnoll_hut

Skill      XL: |  1  2  3 |
---------------+----------+-----
Conjurations   | 1 |  1.0
Stealth        | 2 |  2.0
Dodging        | 2 |  2.0
Spellcasting   | 2 |  2.2
Fire Magic     | 3 4 |  4.1

Action                   || total
-------------------------++-------
Melee: Unarmed           ||     8
       Dagger            ||    16
 Cast: Flame Tongue      ||    70
 Stab: Sleeping          ||     4
  Eat: Chunk             ||     2
Armor: Robe              ||    17
Dodge: Dodged            ||    50

Table legend:
 A = Spawn XP
 B = Non-spawn XP
 C = Spawn XP percentage of total XP
 D = Spawn monster count
 E = Non-spawn monster count
 F = Spawn count percentage of total count
 G = Total turns spent on level
                    A         B        C        D         E        F      G
               +---------+---------+-------+---------+---------+-------+---------
         Total |       0 |     113 |   0.0 |       0 |      46 |   0.0 |  1519
               +---------+---------+-------+---------+---------+-------+---------
           D:1 |       0 |      67 |   0.0 |       0 |      27 |   0.0 |  1082
           D:2 |       0 |      46 |   0.0 |       0 |      19 |   0.0 |   437
               +---------+---------+-------+---------+---------+-------+---------
